 Dungeon Crawl Stone Soup version 0.18.1-50-g88ac8fd (webtiles) character file.

92 Drunkenshrew the Chiller (level 4, 0/38 HPs)
             Began as a Draconian Wanderer on Sept 22, 2016.
             Was an Initiate of Vehumet.
             Slain by Terence
             ... wielding a +5 flail of holy wrath
              (9 damage)
             ... on level 3 of the Dungeon.
             The game lasted 00:08:52 (2137 turns).

Drunkenshrew the Chiller (Draconian Wanderer)       Turns: 2137, Time: 00:08:53

Health: 0/38       AC:  5    Str: 14    XL:     4   Next: 35%
Magic:  7/7        EV: 15    Int: 14    God:    Vehumet [......]
Gold:   160        SH:  0    Dex: 10    Spells: 2 memorised, 4 levels left

rFire  . . .     SeeInvis .     o - +0 hand axe (chop)
rCold  . . .     Gourm    .     (armour unavailable)
rNeg   . . .     Faith    .     (no shield)
rPois  .         Spirit   .     (helmet restricted)
rElec  .         Dismiss  .     (no cloak)
rCorr  .         Reflect  .     (no gloves)
SustAt .         Harm     .     (no boots)
MR     .....                    (no amulet)
Stlth  ++........               (no ring)
                                i - +3 ring of evasion

@: not resistant to hostile enchantments, unstealthy
A: unfitting armour, cold-blooded, AC +5
a: Renounce Religion


You were on level 3 of the Dungeon.
You worshipped Vehumet.
Vehumet was noncommittal.
You were not hungry.

You visited 1 branch of the dungeon, and saw 3 of its levels.

You collected 160 gold pieces.

Inventory:

Hand Weapons
 o - a +0 hand axe of chopping (weapon)
Missiles
 e - 5 tomahawks (quivered)
Jewellery
 i - a +3 ring of evasion (left hand)
Potions
 d - a potion of agility
 h - a potion of berserk rage {unknown}
 j - 2 potions of might {unknown}
 k - 3 potions of invisibility {unknown}
 l - a potion of resistance {unknown}
 m - 3 potions of degeneration {unknown}
 n - a potion of lignification {unknown}
 p - a potion of curing {unknown}
 q - a potion of cancellation {unknown}
Books
 a - a book of Minor Magic

   Spells                             Type                      Level
   a - Magic Dart                     Conjuration                  1
   b - Blink                          Translocation                2
   c - Call Imp                       Summoning                    2
   d - Repel Missiles                 Charms/Air                   2
   e - Slow                           Hexes                        2
   f - Conjure Flame                  Conjuration/Fire             3
   g - Mephitic Cloud                 Conjuration/Poison/Air       3
 c - the Catalogue of the Glacier

   Spells                             Type                      Level
   a - Freeze                         Ice                          1
   b - Ozocubu's Armour               Charms/Ice                   3
Comestibles
 f - 2 bread rations
 r - 3 meat rations


   Skills:
 * Level 3.1 Fighting
   Level 1.0 Short Blades
 + Level 1.8 Dodging
 - Level 1.7 Stealth
 + Level 2.6 Spellcasting
 + Level 0.0 Charms
 - Level 3.4 Ice Magic


You had 4 spell levels left.
You knew the following spells:

 Your Spells              Type           Power        Failure   Level  Hunger
a - Freeze                Ice            ##..         6%          1    #......
b - Ozocubu's Armour      Chrm/Ice       #.......     38%         3    ###....


Dungeon Overview and Level Annotations

Branches:
Dungeon (3/15)

Altars:
Fedhas
Qazlal
Trog
Vehumet

Annotations:
D:3 Terence


Innate Abilities, Weirdness & Mutations

Your plain brown scales are hard (AC +5).
Your body does not fit into most forms of armour.
You are cold-blooded and may be slowed by cold attacks.


Message History

Terence says, "Time to say good-bye..."
Terence completely misses you.
You hit Terence but do no damage.
Terence is moderately wounded.
You feel a little less agile now. Terence completely misses you.
You closely miss Terence.
Terence is moderately wounded.
Terence misses you.
You hit Terence but do no damage. You tail-slap Terence.
Terence is heavily wounded.
Terence hits you with a flail of holy wrath.
* * * LOW HITPOINT WARNING * * *
You hit Terence.
Your tail-slap misses Terence.
Terence is severely wounded.
Terence barely misses you. Terence misses you.
You hit Terence but do no damage.
Terence is severely wounded.
Terence hits you with a flail of holy wrath!
You die...

#............##....# *
#.##.##...#####....#
#....##...#........#
*##.......#........#
*****#####.#.#........#
*,,,,[.....#.#........#******
*,,,,...[..#.#...........,,,,
*,,,........@#.†..#......,,,,
*,,,.......#@#....#.......,,,
*,,,.......#.#....########**,
*,,,.......###....#######*,*,
*****#####** #...........,,,,
####.####.#**,,,
#.#*,,,***,*, ###.####..,,,,,
#..........****
############......#...*


You could see Terence.

Vanquished Creatures
  Robin (D:3)
  An adder (D:2)
  2 oozes (D:2)
  3 worms
  2 giant geckos (D:1)
  15 goblins
  8 hobgoblins
  3 jackals (D:1)
  5 kobolds
  A ball python (D:1)
  3 bats
  A giant newt (D:1)
  6 rats
51 creatures vanquished.

Notes
Turn   | Place    | Note
--------------------------------------------------------------
     0 | D:1      | Drunkenshrew the Draconian Wanderer began the quest for the Orb.
     0 | D:1      | Drunkenshrew set off with: a book of Minor Magic, a +0 short sword, the Catalogue of the Glacier, a +0 dagger, a bread ration
     0 | D:1      | Reached XP level 1. HP: 16/16 MP: 3/3
     2 | D:1      | Learned a level 1 spell: Freeze
   316 | D:1      | Reached XP level 2. HP: 24/24 MP: 5/5
   897 | D:2      | Reached XP level 3. HP: 22/30 MP: 6/6
  1047 | D:2      | Found a blossoming altar of Fedhas.
  1397 | D:2      | Found a radiant altar of Vehumet.
  1415 | D:2      | Became a worshipper of Vehumet
  1540 | D:2      | Found a bloodstained altar of Trog.
  1589 | D:2      | Found a stormy altar of Qazlal.
  1703 | D:3      | Noticed Robin
  1716 | D:3      | Reached XP level 4. HP: 24/37 MP: 7/7
  1719 | D:3      | Killed Robin
  1748 | D:3      | Learned a level 3 spell: Ozocubu's Armour
  2058 | D:3      | Noticed Terence
  2137 | D:3      | Slain by Terence

Skill      XL: |  1  2  3  4 |
---------------+-------------+-----
Fighting       | 2 3 |  3.1
Short Blades   | |  1.0
Dodging        | |  1.8
Stealth        | |  1.7
Spellcasting   | |  2.6
Ice Magic      | |  3.4

Action                   |  1- 3 |  4- 6 || total
-------------------------+-------+-------++-------
Melee: Short sword       |    78 |       ||    78
       Tailslap          |     8 |     6 ||    14
       Hand axe          |    64 |    47 ||   111
       Unarmed           |       |    20 ||    20
Throw: Tomahawk          |     4 |       ||     4
 Cast: Freeze            |     2 |       ||     2
  Use: Scroll            |     1 |     3 ||     4
       Potion            |       |     1 ||     1
 Stab: Sleeping          |     1 |       ||     1
  Eat: Royal jelly       |     1 |     1 ||     2
       Pizza             |     1 |       ||     1
Armor: Skin              |    40 |     6 ||    46
Dodge: Dodged            |   121 |    43 ||   164
